 Dungeon Crawl Stone Soup version 0.31-a0-175-g9f7f995f2b (webtiles) character file.

Game seed: 16950943793290073706

131 qw the Shooter (level 5, -1/49 HPs)
             Began as a Naga Hunter on June 16, 2023.
             Slain by an orc
             ... wielding a +0 club
              (2 damage)
             ... on level 3 of the Dungeon.
             The game lasted 00:00:37 (1719 turns).

qw the Shooter (Naga Hunter)                        Turns: 1719, Time: 00:00:38

Health: -1/49      AC:  7    Str: 13    XL:     5   Next: 14%
Magic:  5/5        EV:  9    Int: 10    God:
Gold:   119        SH:  0    Dex: 16    Spells: 4/4 levels left

rFire   . . .        Y - +0 shortbow
rCold   . . .        (shield currently unavailable)
rNeg    . . .        c - +0 leather armour
rPois   +            (no helmet)
rElec   .            g - +0 cloak
rCorr   .            b - +2 pair of gloves
SInv    +            (no barding)
Will    +....        (no amulet)
Stlth   ++           h - ring of willpower
HPRegen 0.28/turn    (no ring)
MPRegen 0.09/turn

%: no passive effects
@: very slow
A: AC +1, large, see invisible, deformed body, poison resistance, slowness 2,
spit poison 1, naga tail 1
a: Spit Poison


You were on level 3 of the Dungeon.
You visited 1 branch of the dungeon, and saw 3 of its levels.

You collected 119 gold pieces.


Innate Abilities, Weirdness & Mutations

Your serpentine skin is tough. (AC +1)
You have supernaturally acute eyesight. (SInv)
Armour fits poorly on your strangely shaped body.
Your system is resistant to poisons. (rPois)
You cover ground very slowly.
You can spit poison.
You have a snake-like lower body.


   Skills:
 - Level 3.0 Fighting
 + Level 5.3 Ranged Weapons
 - Level 1.5 Dodging
 - Level 1.5 Stealth


You had 4 spell levels left.
You didn't know any spells.
Your spell library was empty.

Inventory:

Hand Weapons
 Y - a +0 shortbow (weapon)
Armour
 b - a +2 pair of gloves (worn)
 c - a +0 leather armour (worn)
 g - a +0 cloak (worn)
Jewellery
 h - a ring of willpower (left hand)
Scrolls
 f - a scroll of identify
Potions
 m - a potion of heal wounds {unknown}

Dungeon Overview and Level Annotations

Branches:
Dungeon (3/15)

Altars:


Message History

The orc hits you with a +0 flail.
You shoot an arrow. The arrow hits the orc wizard!
You kill the orc wizard!
The orc completely misses you. The orc barely misses you.
You have reached level 5!
You shoot an arrow. The arrow hits the orc.
The orc is lightly wounded.
The orc hits you with a +0 club. The orc barely misses you.
You shoot an arrow. The arrow hits the orc.
The orc is moderately wounded.
The orc hits you but does no damage. x3; The orc misses you.
You shoot an arrow. The arrow closely misses the orc.
You have got your breath back.
The orc hits you with a +0 hand axe. The orc hits you but does no damage.
The orc barely misses you.
1714 ||| INVOKING Spit Poison.
Aiming: Spit Poison (1% risk of failure)
Press: ? - help, Shift-Dir - straight line, f/p - orc The splash of poison hits the orc.
The orc is poisoned.
You kill the orc!
The orc hits you with a +0 hand axe. The orc hits you with a +0 club.
You shoot an arrow.
The arrow hits the orc but does no damage.
The orc hits you with a +0 hand axe. The orc hits you with a +0 club.
You shoot an arrow. The arrow hits the orc.
The orc is almost dead.
The orc hits you with a +0 hand axe. The orc hits you but does no damage.
You shoot an arrow.
The arrow hits the orc but does no damage.
The orc is almost dead.
The orc hits you but does no damage. The orc hits you with a +0 club.
The orc hits you but does no damage. The orc barely misses you.
You shoot an arrow. The arrow hits the orc.
You kill the orc!
The orc hits you with a +0 club.
You shoot an arrow. The arrow hits the orc.
The orc is heavily wounded.
You have got your breath back.
The orc hits you with a +0 club.
You die...

..# .o ..# o #..# .
.>.# .#. .## #
#.#..[ #.##)#.#
#..@)..#
####o#####...
#..........>
#.#..####..
#......# #
#..#.#.###### ..
#.###..#.#......#
(..
#..........####.#
#...#######...##..#


You could see an orc.

Vanquished Creatures
  2 orc wizards (D:3)
  A gnoll (D:1)
  An adder (D:2)
  A worm (D:2)
  3 dart slugs
  3 orcs (D:3)
  2 bats
  6 endoplasms
  8 goblins
  5 hobgoblins
  2 jackals (D:3)
  3 quokkas
  5 ball pythons
  A frilled lizard (D:2)
  2 kobolds (D:1)
  5 rats
50 creatures vanquished.

Notes
Turn   | Place    | Note
-------+----------+-------------------------------------------
     0 | D:1      | qw the Naga Hunter began the quest for the Orb.
     0 | D:1      | Reached XP level 1. HP: 19/19 MP: 1/1
     0 | D:1      | 0 ||| qw: Version: 0.2-a-29-g511e9b1
     0 | D:1      | 0 ||| qw: Game counter: 5654
     0 | D:1      | 0 ||| qw: Always use a shield: true
     0 | D:1      | 0 ||| qw: God list: Okawaru
     0 | D:1      | 0 ||| qw: Allow faded altars: false
     0 | D:1      | 0 ||| qw: Do Orc after D:15 true
     0 | D:1      | 0 ||| qw: Do second Lair branch before Depths: true
     0 | D:1      | 0 ||| qw: Lair rune preference: random
     0 | D:1      | 0 ||| qw: Plans: Normal
     0 | D:1      | 0 ||| PLANNING D:1-11
    50 | D:1      | 50 ||| INVOKING Spit Poison.
    95 | D:1      | 95 ||| INVOKING Spit Poison.
   101 | D:1      | 101 ||| INVOKING Spit Poison.
   102 | D:1      | Reached skill level 4 in Ranged Weapons
   102 | D:1      | Reached XP level 2. HP: 26/26 MP: 2/2
   192 | D:1      | 192 ||| INVOKING Spit Poison.
   255 | D:1      | 255 ||| INVOKING Spit Poison.
   280 | D:1      | 280 ||| INVOKING Spit Poison.
   385 | D:1      | 385 ||| INVOKING Spit Poison.
   479 | D:1      | 479 ||| INVOKING Spit Poison.
   621 | D:1      | 621 ||| INVOKING Spit Poison.
   637 | D:1      | 637 ||| INVOKING Spit Poison.
   640 | D:1      | 640 ||| INVOKING Spit Poison.
   641 | D:1      | 641 ||| INVOKING Spit Poison.
   648 | D:1      | 648 ||| INVOKING Spit Poison.
   661 | D:1      | 661 ||| INVOKING Spit Poison.
   662 | D:1      | Reached XP level 3. HP: 32/32 MP: 3/3
   716 | D:1      | 716 ||| INVOKING Spit Poison.
   792 | D:1      | 792 ||| INVOKING Spit Poison.
   804 | D:1      | 804 ||| INVOKING Spit Poison.
   874 | D:1      | 874 ||| UPGRADING to +0 cloak.
   879 | D:1      | 879 ||| UPGRADING to ring of willpower.
   880 | D:1      | 880 ||| READING 2 scrolls labelled BAIPHY XYITEADID.
   881 | D:1      | 881 ||| READING scroll labelled CEF SANIEWEDGH.
   882 | D:1      | 882 ||| READING 2 scrolls labelled GOUQEI QIAW.
   883 | D:1      | 883 ||| READING scroll labelled GOKKEST GOCKI.
   884 | D:1      | 884 ||| READING scroll labelled LAUK NAEPPAEFE.
   888 | D:1      | 888 ||| READING scroll labelled NUAWOP JUITUTZ.
   889 | D:1      | 889 ||| DROPPING scroll of revelation.
   890 | D:1      | 890 ||| DROPPING scroll of butterflies.
   936 | D:2      | 936 ||| INVOKING Spit Poison.
   955 | D:2      | 955 ||| INVOKING Spit Poison.
  1009 | D:2      | 1009 ||| INVOKING Spit Poison.
  1064 | D:2      | 1064 ||| INVOKING Spit Poison.
  1065 | D:2      | 1065 ||| INVOKING Spit Poison.
  1090 | D:2      | 1090 ||| INVOKING Spit Poison.
  1146 | D:2      | 1146 ||| INVOKING Spit Poison.
  1154 | D:2      | 1154 ||| INVOKING Spit Poison.
  1160 | D:2      | 1160 ||| INVOKING Spit Poison.
  1284 | D:2      | 1284 ||| INVOKING Spit Poison.
  1285 | D:2      | Reached skill level 5 in Ranged Weapons
  1285 | D:2      | Reached XP level 4. HP: 39/39 MP: 4/4
  1377 | D:2      | 1377 ||| INVOKING Spit Poison.
  1383 | D:2      | 1383 ||| INVOKING Spit Poison.
  1384 | D:2      | 1384 ||| INVOKING Spit Poison.
  1389 | D:2      | 1389 ||| INVOKING Spit Poison.
  1392 | D:2      | 1392 ||| INVOKING Spit Poison.
  1512 | D:2      | 1512 ||| INVOKING Spit Poison.
  1612 | D:2      | 1612 ||| UPGRADING to +2 pair of gloves.
  1617 | D:2      | 1617 ||| READING scroll labelled YJYAXO UFECA.
  1618 | D:2      | 1618 ||| READING 3 scrolls of identify.
  1618 | D:2      | 1618 ||| IDENTIFYING fuming inky potion
  1619 | D:2      | 1619 ||| READING 2 scrolls of identify.
  1619 | D:2      | 1619 ||| IDENTIFYING grey potion
  1620 | D:2      | 1620 ||| DROPPING potion of lignification.
  1621 | D:2      | 1621 ||| DROPPING potion of berserk rage.
  1654 | D:3      | 1654 ||| INVOKING Spit Poison.
  1662 | D:3      | 1662 ||| INVOKING Spit Poison.
  1696 | D:3      | 1696 ||| INVOKING Spit Poison.
  1699 | D:3      | 1699 ||| Stepping ~*~*~tactically~*~*~ (outnumbered).
  1700 | D:3      | 1700 ||| INVOKING Spit Poison.
  1703 | D:3      | Reached skill level 3 in Fighting
  1704 | D:3      | 1704 ||| INVOKING Spit Poison.
  1709 | D:3      | 1709 ||| INVOKING Spit Poison.
  1711 | D:3      | Reached XP level 5. HP: 18/49 MP: 5/5
  1714 | D:3      | 1714 ||| INVOKING Spit Poison.
  1714 | D:3      | HP: 11/49 [orc/+0 hand axe (4)]
  1717 | D:3      | HP: 3/49 [orc/+0 club (4)]
  1718 | D:3      | HP: 1/49 [orc/+0 club (3)]
  1719 | D:3      | Slain by an orc

Levels and vault maps discovered:
D:1:      dpeg_arrival_tiny_i, layout_loops_ring, nrook_mini_backslash,
          nicolae_hexahallways
D:2:      layout_loops_ring
D:3:      layout_loops_cross, uniq_robin

Skill      XL: |  1  2  3  4 |
---------------+-------------+-----
Ranged Weapons | 4 5 |  5.3
Fighting       | 3 |  3.0
Dodging        | |  1.5
Stealth        | |  1.5

Action                     |  1- 3 |  4- 6 || total
---------------------------+-------+-------++-------
   Fire: Shortbow          |    49 |    42 ||    91
Ability: Spit Poison       |    25 |    12 ||    37
    Use: Scroll            |     6 |     3 ||     9
 Armour: Leather armour    |     2 |    26 ||    28
  Dodge: Dodged            |     8 |    13 ||    21

Table legend:
 A = Non-vault XP
 B = Vault XP
 C = Vault XP percentage of total XP
 D = Non-vault monster count
 E = Vault monster count
 F = Vault count percentage of total count
                 A         B        C        D         E       F
            +---------+---------+-------+---------+---------+-------
      Total |     188 |       0 |   0.0 |      50 |       0 |   0.0
            +---------+---------+-------+---------+---------+-------
        D:1 |      59 |       0 |   0.0 |      25 |       0 |   0.0
        D:2 |      40 |       0 |   0.0 |      13 |       0 |   0.0
        D:3 |      89 |       0 |   0.0 |      12 |       0 |   0.0
            +---------+---------+-------+---------+---------+-------
